 Dungeon Crawl Stone Soup version 0.21.1-1-g345015fe64 (webtiles) character file.

42 Delanovic the Insei (level 3, -3/27 HPs)
             Began as a Demonspawn Transmuter on June 14, 2018.
             Slain by a goblin
             ... wielding a +2 dagger of flaming
             ... led by Robin
              (4 damage)
             ... on level 2 of the Dungeon.
             The game lasted 00:02:50 (1256 turns).

Delanovic the Insei (Demonspawn Transmuter)         Turns: 1256, Time: 00:02:50

Health: -3/27      AC:  2    Str: 10    XL:     3   Next: 33%
Magic:  5/6        EV: 12    Int: 15    God:
Gold:   98         SH:  0    Dex: 13    Spells: 3/6 levels left

rFire    . . .     SeeInvis .     - Unarmed
rCold    . . .     Gourm    .   (no shield)
rNeg     . . .     Faith    .   b - +0 robe
rPois    .         Spirit   .   (helmet restricted)
rElec    .         Reflect  .   (no cloak)
rCorr    .         Harm     .   (no gloves)
MR       .....                  (boots currently unavailable)
Stlth    +.........             (no amulet)
HPRegen  0.09/turn              (no ring)
MPRegen  0.10/turn              (no ring)

@: lethally poisoned (-3 -> -6), appendage, hasted, very quick
A: horns 1, talons 3, powered by pain 1
a: End Transformation


You were on level 2 of the Dungeon.
You were hungry.
You had grown temporary talons.
You visited 1 branch of the dungeon, and saw 2 of its levels.

You collected 98 gold pieces.

Inventory:

Missiles
 a - 12 arrows
Armour
 b - a +0 robe (worn)
Scrolls
 g - 3 scrolls of remove curse {unknown}
 h - a scroll of identify {unknown}
Books
 c - a book of Changes

   Spells                             Type                      Level
   a - Beastly Appendage              Transmutation                1
   b - Sticks to Snakes               Transmutation                2
   c - Spider Form                    Transmutation/Poison         3
   d - Ice Form                       Ice/Transmutation            4
   e - Blade Hands                    Transmutation                5
Comestibles
 d - 4 rations
 j - a chunk of flesh


   Skills:
 + Level 1.6 Fighting
 + Level 2.1 Dodging
 + Level 3.0 Unarmed Combat
 + Level 2.3 Spellcasting
 + Level 2.2 Transmutations


You had 3 spell levels left.
You knew the following spells:

 Your Spells              Type           Power        Failure   Level  Hunger
a - Beastly Appendage     Tmut           #.....       9%          1    #......
b - Sticks to Snakes      Tmut           #.......     13%         2    ###....


Dungeon Overview and Level Annotations

Branches:
Dungeon (2/15)

Altars:

Annotations:
D:2 Robin, Terence


Innate Abilities, Weirdness & Mutations

You have a pair of small horns on your head.
You sometimes gain a little power by taking damage.
You have claws for feet.


Message History

The adder is lightly wounded.
The goblin misses you.
You barely miss the goblin.
You are feeling hungry.
The adder bites you but does no damage.
The goblin hits you with a dagger of flaming!
* * * LOW HITPOINT WARNING * * *
The goblin burns you.
* * * LOW HITPOINT WARNING * * *
A bat comes into view.
Okay, then.
You closely miss the goblin. Your kick misses the goblin.
Your headbutt misses the goblin.
* * * LOW HITPOINT WARNING * * *
You feel sick.
The bat moves out of view.
The adder bites you.
* * * LOW HITPOINT WARNING * * *
A kobold comes into view.
You barely miss the goblin. The adder barely misses you.
The goblin hits you with a dagger of flaming.
You die...

#.#########
#.........#########
#.............#
###.###.#######.#
#....##.# #.#
#g#..##.#######.##
#g#..##........<..
#@#..############.
#S#..# #g#g..
#g#.###


ggg.g ggK.. ..# .... You could see an adder, 3 hobgoblins, 6 goblins and a
kobold (wandering).

Vanquished Creatures
  2 oozes (D:1)
  A worm (D:2)
  2 giant cockroaches (D:1)
  A goblin (D:1)
  3 hobgoblins
  7 jackals (D:1)
  5 bats (D:1)
  A frilled lizard (D:1)
  2 kobolds (D:1)
  5 rats (D:1)
29 creatures vanquished.

Notes
Turn   | Place    | Note
-------+----------+-------------------------------------------
     0 | D:1      | Delanovic the Demonspawn Transmuter began the quest for the Orb.
     0 | D:1      | Reached XP level 1. HP: 15/15 MP: 3/3
   226 | D:1      | Mutation became permanent: You have a pair of small horns on your head. [demonic ancestry]
   226 | D:1      | Gained mutation: You have a pair of horns on your head. [demonic ancestry]
   226 | D:1      | Reached XP level 2. HP: 12/21 MP: 3/5
   765 | D:1      | Gained mutation: You sometimes gain a little power by taking damage. [demonic ancestry]
   765 | D:1      | Reached XP level 3. HP: 26/26 MP: 4/6
   776 | D:1      | Reached skill level 3 in Unarmed Combat
  1225 | D:2      | Learned a level 2 spell: Sticks to Snakes
  1247 | D:2      | Noticed Robin
  1248 | D:2      | Noticed Terence
  1255 | D:2      | HP: 1/27 [adder (1)]
  1256 | D:2      | Slain by a goblin

Skill      XL: |  1  2  3 |
---------------+----------+-----
Dodging        | 2 |  2.1
Transmutations | 2 |  2.2
Unarmed Combat | 3 |  3.0
Fighting       | |  1.6
Spellcasting   | |  2.3

Action                   || total
-------------------------++-------
Melee: Unarmed           ||    97
       Kick              ||    11
       Headbutt          ||     6
       Punch             ||     1
 Cast: Beastly Appendage ||    17
  Use: Potion            ||     3
 Stab: Sleeping          ||     2
  Eat: Chunk             ||     1
Armor: Robe              ||    25
Dodge: Dodged            ||    64
